Map: Triton LE

Players

zuka - Winner!

  • Race: Protoss Protoss
  • League: Master
  • Spawn Location: 5:00

BananenBaum

  • Race: Terran Terran
  • League: Master
  • Spawn Location: 11:00

VOD

Have the link to the VOD?

Description

Time

  • Played on: Jan. 14, 2020, 7:20 a.m.
  • Length: 10:57
Show
View Real Time Build Order
Export as new Build Order

zuka Protoss - Winner!

Build Orders: 1 Gate Expand 

Get SALT Encoding   

  12  0:00  Probe  
  13  0:13  Probe  
  14  0:17  Pylon  
  14  0:25  Probe (Chrono Boost)  
  16  0:36  Probe (Chrono Boost)  
  16  0:38  Gateway  
  16  0:42  Probe  
  16  0:46  Assimilator  
  17  0:54  Probe (Chrono Boost)  
  18  1:06  Probe (Chrono Boost)  
  19  1:14  Probe (Chrono Boost)  
  20  1:22  Nexus  
  20  1:32  Cybernetics Core  
  20  1:34  Probe  
  20  1:39  Assimilator  
  21  1:46  Probe  
  22  1:50  Pylon  
  22  1:58  Probe  
  23  2:05  Stalker (Chrono Boost)  
  25  2:09  Warp Gate  
  25  2:11  Probe  
  26  2:23  Probe  
  26  2:28  Stalker  
  29  2:35  Probe  
  30  2:38  Probe  
  30  2:42  Robotics Facility  
  31  2:49  Probe (Chrono Boost)  
  31  2:50  Probe (Chrono Boost)  
  33  3:01  Probe (Chrono Boost), Gateway  
  33  3:04  Probe (Chrono Boost)  
  35  3:05  Gateway  
  35  3:06  Probe (Chrono Boost)  
  35  3:11  Probe  
  37  3:16  Probe  
  38  3:20  Pylon  
  38  3:23  Probe  
  38  3:25  Pylon  
  39  3:28  Probe  
  39  3:30  Observer (Chrono Boost)  
  41  3:35  Assimilator, Probe  
  41  3:40  Probe  
  43  3:42  Warp Prism (Chrono Boost)  
  43  3:47  Probe  
  46  3:52  Probe  
  47  4:01  Stalker x2  
  51  4:04  Probe  
  51  4:06  Robotics Bay  
  51  4:07  Stalker  
  54  4:29  Nexus  
  54  4:34  Stalker x3  
  54  4:38  Probe x2  
  62  4:44  Pylon  
  62  4:53  Probe x2 (Chrono Boost)  
  53  5:02  Stalker x3  
  53  5:05  Probe (Chrono Boost)  
  61  5:11  Probe (Chrono Boost)  
  61  5:13  Probe (Chrono Boost)  
  63  5:25  Stalker x3  
  63  5:26  Probe  
  67  5:36  Probe  
  67  5:39  Probe  
  69  5:48  Probe  
  68  5:51  Probe  
  68  5:53  Observer  
  65  5:59  Stalker x3  
  65  6:00  Probe  
  65  6:01  Colossus (Chrono Boost)  
  65  6:03  Probe  
  69  6:07  Pylon  
  71  6:12  Probe  
  71  6:15  Probe  
  73  6:24  Probe  
  72  6:27  Probe  
  72  6:29  Extended Thermal Lance (Chrono Boost)  
  72  6:34  Zealot  
  72  6:36  Probe  
  72  6:38  Colossus (Chrono Boost)  
  72  6:39  Probe, Gateway  
  76  6:40  Gateway  
  76  6:43  Probe  
  76  6:44  Twilight Council  
  82  6:47  Stalker  
  84  6:56  Probe x3  
  84  6:58  Pylon  
  87  7:07  Forge  
  87  7:08  Probe x2  
  87  7:09  Probe  
  87  7:11  Observer  
  87  7:14  Zealot  
  87  7:15  Charge (Chrono Boost)  
  92  7:16  Pylon  
  92  7:17  Pylon  
  92  7:20  Probe  
  92  7:21  Pylon  
  93  7:23  Colossus (Chrono Boost)  
  99  7:36  Observer  
  99  7:39  Zealot x5  
  99  7:40  Protoss Ground Armor Level 1 (Chrono Boost)  
  99  7:43  Assimilator  
  109  7:46  Assimilator  
  109  7:49  Forge  
  109  8:03  Gateway  
  109  8:05  Pylon  
  109  8:07  Immortal (Chrono Boost), Pylon  
  109  8:11  Zealot x4  
  109  8:12  Zealot  
  123  8:33  Stalker x5  
  133  8:35  Protoss Ground Weapons Level 1  
  133  8:39  Immortal  
  137  8:47  Blink (Chrono Boost)  
  137  8:53  Photon Cannon  
  137  8:54  Photon Cannon  
  137  8:57  Probe x3  
  137  8:58  Assimilator, Pylon  
  128  9:07  Zealot x6  
  128  9:09  Probe x2  
  112  9:22  Colossus (Chrono Boost)  
  101  9:25  Probe x3  
  101  9:28  Templar Archives  
  110  9:32  Stalker  
  110  9:37  Probe  
  113  9:41  Zealot x4  
  113  9:42  Zealot  
  113  9:44  Shield Battery  
  123  9:57  Zealot  
  125  10:00  Colossus (Chrono Boost)  
  125  10:03  Zealot x5  
  141  10:20  Gateway  
  141  10:23  Gateway, Stalker x4  
  141  10:25  Gateway  
  123  10:40  Probe x2  
  109  10:47  Zealot x6  
Show
View Real Time Build Order
Export as new Build Order

BananenBaum Terran 

Build Orders: Reaper Expand 

Get SALT Encoding   

  12  0:00  SCV  
  13  0:12  SCV  
  14  0:17  Supply Depot  
  14  0:25  SCV  
  15  0:38  SCV  
  15  0:40  Barracks  
  16  0:43  Refinery  
  16  0:51  SCV  
  17  1:03  SCV  
  18  1:15  SCV  
  19  1:27  Reaper  
  19  1:28  Orbital Command  
  20  1:42  Command Center  
  20  1:53  Supply Depot, SCV  
  21  1:59  Marine  
  22  2:06  Factory  
  22  2:09  SCV  
  22  2:14  Refinery  
  23  2:20  Barracks Reactor  
  24  2:22  SCV  
  24  2:34  SCV  
  25  2:52  Starport  
  25  2:54  Orbital Command  
  25  2:56  SCV, Marine x2  
  25  2:58  Widow Mine  
  30  3:13  SCV  
  30  3:14  Marine x2  
  33  3:21  Widow Mine  
  33  3:23  SCV  
  33  3:25  SCV  
  37  3:28  Medivac  
  37  3:32  Supply Depot  
  37  3:33  Marine x2  
  41  3:36  SCV  
  41  3:37  SCV  
  43  3:43  Factory Tech Lab  
  43  3:44  Barracks  
  43  3:50  Marine  
  43  3:51  SCV, Marine  
  43  3:53  SCV  
  43  3:54  Refinery  
  43  3:55  Supply Depot  
  46  4:08  Starport Reactor  
  46  4:09  Barracks, Marine x2  
  48  4:12  SCV x2  
  50  4:18  Bunker  
  50  4:24  Engineering Bay  
  50  4:27  Marine x2  
  50  4:29  Factory Tech Lab  
  52  4:37  SCV x2  
  54  4:40  Stimpack  
  54  4:47  Marauder, Marine x2  
  54  4:49  SCV x2  
  60  4:55  Orbital Command  
  50  5:18  Bunker  
  50  5:21  Marine x2  
  48  5:24  Marauder  
  48  5:27  Terran Infantry Weapons Level 1  
  51  5:30  Supply Depot  
  51  5:31  SCV  
  47  5:37  Marine  
  47  5:38  Marine  
  44  5:44  Combat Shield  
  44  5:46  Orbital Command  
  41  5:56  Marine x2  
  39  5:57  Marauder x2  
  39  6:03  SCV  
  39  6:15  SCV  
  39  6:17  SCV  
  39  6:18  Medivac  
  40  6:24  Marauder  
  39  6:27  SCV  
  39  6:28  Marine  
  39  6:29  Marauder, SCV, Marine  
  45  6:35  Concussive Shells  
  45  6:39  SCV  
  46  6:41  SCV  
  46  6:43  Barracks, Medivac  
  46  6:46  Barracks, Marauder, Marine  
  52  6:48  Marine  
  52  7:01  Marauder, SCV x2  
  54  7:06  Marine x2  
  58  7:11  Marauder  
  58  7:12  Medivac  
  62  7:22  Marauder, SCV x2  
  66  7:24  Supply Depot, Terran Infantry Armor Level 1  
  66  7:25  Supply Depot  
  66  7:33  Marine x2  
  66  7:34  Marauder  
  70  7:38  Supply Depot  
  70  7:39  Marine x2  
  70  7:43  Supply Depot  
  72  7:47  Supply Depot  
  72  7:58  Marine x2  
  71  7:59  Marauder x2, Marine x2  
  79  8:08  Medivac x2  
  83  8:20  Marauder  
  83  8:22  Marine x2  
  83  8:23  Marauder  
  83  8:24  Marine  
  90  8:38  Marine  
  90  8:40  Marine x2  
  93  8:42  Marauder  
  93  8:45  Marauder  
  93  8:48  Marine  
  98  8:53  Viking x2  
  98  8:55  SCV x2  
  103  9:03  Marauder  
  71  9:26  Marine x3  
  71  9:27  Marauder x2  
  78  9:32  Viking x2  
  78  9:35  SCV x2  
  84  9:45  Marine x2  
  86  9:46  Marine x2  
  86  9:48  Marauder  
  86  9:49  Marauder  
  92  9:57  Armory  
  92  10:15  Marine  
  92  10:16  Marine x3  
  92  10:17  Marauder x2  
  92  10:18  Viking x2  
  103  10:33  Marine  
Tags
 
Add a new tag
Caveats
  • Supply blocks, unpowered buildings, or Contaminate may cause inaccurate times.
  • Supply counts are checked every 10 seconds.